 Dungeon Crawl Stone Soup version 0.28-a0-172-g787e458d71 (webtiles) character file.

Game seed: 17528930883289825170

339 rabbitsville the Covert (level 6, -6/32 HPs)
             Began as a Spriggan Brigand on Aug 16, 2021.
             Was an Initiate of Dithmenos.
             Mangled by an iguana (8 damage)
             ... on level 4 of the Dungeon.
             The game lasted 00:37:25 (4494 turns).

rabbitsville the Covert (Spriggan Brigand)          Turns: 4494, Time: 00:37:26

Health: -6/32      AC:  3    Str:  7    XL:     6   Next: 29%
Magic:  7/7        EV: 17    Int: 12    God:    Dithmenos [......]
Gold:   67         SH:  0    Dex: 19    Spells: 5/5 levels left

rFire   . . .      SeeInvis +   a - +2 dagger
rCold   . . .      Faith    .   (shield restricted)
rNeg    . . .      Spirit   .   b - +0 robe
rPois   .          Reflect  .   (helmet restricted)
rElec   .          Harm     .   c - +0 cloak
rCorr   .          Rampage  .   (gloves unavailable)
Will    +....                   (boots unavailable)
Stlth   ++++......              (no amulet)
HPRegen 0.10/turn               (no ring)
MPRegen 0.10/turn               (no ring)

@: very quick
A: very small, no large weapons, unfitting armour, see invisible, speed 3
a: Renounce Religion


You were on level 4 of the Dungeon.
You worshipped Dithmenos.
Dithmenos was noncommittal.
You visited 1 branch of the dungeon, and saw 5 of its levels.

You collected 67 gold pieces.

Inventory:

Hand Weapons
 a - a +2 dagger (weapon)
 g - a +0 shortbow
 k - a +1 dagger of holy wrath
Missiles
 d - 10 poisoned darts (quivered)
 e - 2 curare-tipped darts
 l - 20 arrows
Armour
 b - a +0 robe (worn)
 c - a +0 cloak (worn)
Scrolls
 f - 7 scrolls of identify {unknown}
 h - 2 scrolls of teleportation {unknown}
 i - 2 scrolls of blinking
 j - a scroll of acquirement {unknown}
 m - a scroll of enchant weapon {unknown}
 n - a scroll of enchant armour {unknown}


   Skills:
 - Level 2.9 Fighting
 + Level 4.1 Short Blades
 - Level 2.0 Throwing
 + Level 1.6 Dodging
 * Level 9.3 Stealth


You had 5 spell levels left.
You didn't know any spells.
Your spell library contained the following spells:

 Spells                   Type           Power      Damage    Failure   Level
 Dazzling Flash           Conj/Hex       0%         N/A       69%         3
 Gell's Gravitas          Tloc           0%         N/A       69%         3
 Lesser Beckoning         Tloc           0%         N/A       69%         3
 Teleport Other           Tloc           0%         N/A       69%         3
 Iskenderun's Mystic Bla  Conj/Tloc      0%         2d3       97%         4
 Starburst                Conj/Fire      0%         6d3       100%        6


Dungeon Overview and Level Annotations

Branches:
Dungeon (5/15)
 Temple: D:4-7

Altars:
Dithmenos
Okawaru
Wu Jian
Xom

Annotations:
D:2 Natasha


Innate Abilities, Weirdness & Mutations

You are very small and have problems with some larger weapons.
You are too small for most types of armour.
You have supernaturally acute eyesight. (SInv)
You cover ground extremely quickly. (Speed+++)


Message History

You barely miss the iguana.
The iguana is lightly wounded.
You hit the iguana but do no damage.
The iguana is lightly wounded.
The iguana bites you!
You hit the iguana but do no damage.
The iguana is moderately wounded.
The iguana bites you but does no damage.
You hit the iguana but do no damage.
The iguana is moderately wounded.
The iguana closely misses you.
You hit the iguana but do no damage.
The iguana is moderately wounded.
The iguana completely misses you.
You hit the iguana but do no damage.
The iguana is moderately wounded.
You barely miss the iguana.
The iguana is moderately wounded.
The iguana bites you.
You hit the iguana but do no damage.
The iguana is heavily wounded.
The iguana bites you.
You barely miss the iguana.
The iguana is heavily wounded.
The iguana bites you but does no damage.
You closely miss the iguana.
The iguana is heavily wounded.
The iguana looks more healthy.
You hit the iguana but do no damage.
The iguana is heavily wounded.
The iguana bites you!
* * * LOW HITPOINT WARNING * * *
There is a stone staircase leading up here.
You climb upwards.
Found a dagger.
There is a stone staircase leading down here.
You climb downwards.
There is a stone staircase leading up here.
The iguana bites you!
You die...

#.....####............##......
#.......##.........####.......
#.....#...........## #...[..[.
#.....##.........## ##........
#....###..#......# #.........
#....##.........## ##.........
##.>.##........## #..........
###...._8_....# ##.........
###......l@## ###.......
##.....### ######## ###..## #
#..# # #..##### ## ##......##
#. ### #........## #. #.###
#.........## #.
##..######.........## #.


You could see an iguana.

Vanquished Creatures
  A centaur (D:4)
  A scorpion (D:4)
  A water moccasin skeleton (D:4)
  2 hounds
  An adder (D:3)
  3 adder skeletons (D:4)
  4 dart slugs
  3 orcs (D:3)
  2 ball pythons
  7 endoplasms
  3 giant cockroaches
  5 goblins
  8 hobgoblins
  5 jackals
  3 quokkas
  2 bats
  2 frilled lizards
  4 kobolds
  8 rats
65 creatures vanquished.

Notes
Turn   | Place    | Note
-------+----------+-------------------------------------------
     0 | D:1      | rabbitsville the Spriggan Brigand began the quest for the
                  | Orb.
     0 | D:1      | Reached XP level 1. HP: 10/10 MP: 2/2
   109 | D:1      | Reached skill level 6 in Stealth
   529 | D:1      | Reached XP level 2. HP: 13/15 MP: 3/3
   963 | D:2      | Noticed Natasha
  1290 | D:2      | Found a faded altar of an unknown god.
  1939 | D:1      | Reached XP level 3. HP: 18/18 MP: 4/4
  2331 | D:3      | Reached skill level 7 in Stealth
  2691 | D:3      | Found a shadowy altar of Dithmenos.
  2699 | D:3      | Became a worshipper of Dithmenos the Shadowed
  3253 | D:4      | Reached XP level 4. HP: 13/23 MP: 5/5
  3554 | D:4      | Noticed a centaur
  3558 | D:4      | Killed a centaur
  3559 | D:4      | Reached skill level 8 in Stealth
  3559 | D:4      | Reached XP level 5. HP: 27/27 MP: 6/6
  3604 | D:4      | Found a shimmering altar of Xom.
  3833 | D:4      | Found an iron altar of Okawaru.
  3833 | D:4      | Found an ornate altar of the Wu Jian Council.
  4160 | D:4      | Reached skill level 9 in Stealth
  4160 | D:4      | Reached XP level 6. HP: 22/32 MP: 7/7
  4450 | D:5      | Entered Level 5 of the Dungeon
  4478 | D:4      | HP: 1/32 [iguana (11)]
  4494 | D:4      | Mangled by an iguana

Illustrated notes

Levels and vault maps discovered:
D:1:      minmay_arrival_plants_in_alcoves, layout_loops_ring,
          minmay_octomino_j4
D:2:      layout_basic, ebering_ecumenical_altar_sacrificial,
          chequers_serial_rivers_large_b, moated_statue, uniq_natasha
D:3:      layout_loops_ring, nicolae_overflow_hidden_temple,
          grunt_dithmenos_smoke_and_mirrors, kennysheep_generic_room_3
D:4:      layout_cave_pods, kennysheep_mini,
          chequers_temple_overflow_statue_of_worship
D:5:      layout_loops_ring, ashenzari_altar_1, grunt_ministairs_1

Skill      XL: |  1  2  3  4  5 |
---------------+----------------+-----
Stealth        | 6 7 8 9 |  9.3
Fighting       | 2 |  2.9
Short Blades   | 3 4 |  4.1
Throwing       | |  2.0
Dodging        | |  1.6

Action                   |  1- 3 |  4- 6 || total
-------------------------+-------+-------++-------
Melee: Dagger            |   156 |    99 ||   255
Throw: Dart              |    37 |     9 ||    46
  Use: Potion            |     2 |       ||     2
       Scroll            |     1 |       ||     1
 Stab: Sleeping          |    13 |     7 ||    20
       Distracted        |     1 |       ||     1
Armor: Robe              |    15 |    10 ||    25
Dodge: Dodged            |    61 |    55 ||   116

Table legend: (Time is in decaauts)
 A = Elapsed time spent in this place.
 B = Non-inter-level travel time spent in this place.
 C = Inter-level travel time spent in this place.
 D = Time resting spent in this place.
 E = Time spent auto-exploring this place.
 F = Levels seen in this place.
 G = Mean time per level.
                   A        B        C        D        E       F      G
               +--------+--------+--------+--------+--------+-----+--------+
         Total |   3339 |   3181 |    158 |   1009 |    610 |   5 |  667.8 |
       Dungeon |   3339 |   3181 |    158 |   1009 |    610 |   5 |  667.8 |
               +--------+--------+--------+--------+--------+-----+--------+

Top non-repeatable levels by time:
     D:1: 1043 daAuts
     D:4: 902 daAuts
     D:3: 714 daAuts
     D:2: 669 daAuts
     D:5: 10 daAuts
